 Dungeon Crawl Stone Soup version 0.29-a0-214-g17f627cfee (console) character file.

Game seed: 10796223975988100491

654 jejorda2 the Quickloader (level 7, -5/44 HPs)
             Began as a Kobold Hunter on Feb 25, 2022.
             Slain by an ogre
             ... wielding a +0 giant spiked club
              (13 damage)
             ... on level 4 of the Dungeon.
             The game lasted 00:08:54 (4240 turns).

jejorda2 the Quickloader (Kobold Hunter)            Turns: 4240, Time: 00:08:55

Health: -5/44      AC: 10    Str:  9    XL:     7   Next: 84%
Magic:  7/7        EV: 14    Int: 12    God:
Gold:   177        SH:  0    Dex: 18    Spells: 6/6 levels left

rFire   + . .      SeeInvis .   a - +2 hand crossbow
rCold   . . .      Faith    .   (no shield)
rNeg    + . .      Spirit   .   w - +1 ring mail {rF+}
rPois   .          Reflect  .   (no helmet)
rElec   .          Harm     .   (no cloak)
rCorr   .          Rampage  .   m - +0 pair of gloves
Will    +....                   c - +2 pair of boots
Stlth   ++........              (no amulet)
HPRegen 0.14/turn               f - ring of willpower
MPRegen 0.10/turn               t - ring of positive energy

@: no status effects
A: small, no large weapons, nightstalker 3
a: no special abilities


You were on level 4 of the Dungeon.
You visited 1 branch of the dungeon, and saw 5 of its levels.

You collected 177 gold pieces.

Inventory:

Hand Weapons
 a - a +2 hand crossbow (weapon)
Armour
 b - a +0 leather armour
 c - a +2 pair of boots (worn)
 m - a +0 pair of gloves (worn)
 w - a +1 ring mail of fire resistance (worn)
Jewellery
 f - a ring of willpower (left hand)
 t - a ring of positive energy (right hand)
Wands
 q - a wand of flame (13)
Scrolls
 d - a scroll of enchant weapon
 p - a scroll of fog {unknown}
 r - a scroll of noise {unknown}
 u - a scroll of fear {unknown}
 v - a scroll of amnesia {unknown}
Potions
 e - 4 potions of curing
 h - 3 potions of invisibility
 i - a potion of berserk rage {unknown}
 j - a potion of resistance {unknown}
 l - a potion of might {unknown}
 n - a potion of heal wounds {unknown}
 s - a potion of ambrosia


   Skills:
 + Level 4.8 Fighting
 * Level 9.1 Crossbows
 + Level 5.2 Dodging
 - Level 1.3 Stealth


You had 6 spell levels left.
You didn't know any spells.
Your spell library contained the following spells:

 Spells                   Type           Power      Damage    Failure   Level
 Scorch                   Fire           0%         2d5       80%         2
 Flame Wave               Conj/Fire      0%         2d4       100%        4
 Summon Cactus Giant      Summ           0%         N/A       100%        6


Dungeon Overview and Level Annotations

Branches:
Dungeon (5/15)
 Temple: D:4-7

Altars:
Kikubaaqudgha


Innate Abilities, Weirdness & Mutations

You are small and have problems with some larger weapons.
You are completely attuned to the shadows.


Message History

The gnoll hits you but does no damage.
Shoot: a) +2 hand crossbow
Press: ? - help, Q - select action, (/) - cycle Shift-Dir - straight line, f/p - ogre
Aim: an ogre, wielding a +0 giant spiked club (moderately wounded, 81% to hit)
You shoot a bolt.
The bolt hits the gnoll but does no damage.
The gnoll is heavily wounded.
The gnoll hits you but does no damage.
Shoot: a) +2 hand crossbow
Press: ? - help, Q - select action, (/) - cycle Shift-Dir - straight line, f/p - ogre
Aim: an ogre, wielding a +0 giant spiked club (moderately wounded, 81% to hit)
You shoot a bolt. The bolt hits the gnoll.
The gnoll is severely wounded.
The gnoll closely misses you. The gnoll barely misses you.
Shoot: a) +2 hand crossbow
Press: ? - help, Q - select action, (/) - cycle Shift-Dir - straight line, f/p - ogre
Aim: an ogre, wielding a +0 giant spiked club (lightly wounded, 81% to hit)
You shoot a bolt. The bolt hits the gnoll.
You kill the gnoll!
The ogre hits you with a +0 giant spiked club.
Shoot: a) +2 hand crossbow
Press: ? - help, Q - select action, (/) - cycle Shift-Dir - straight line, f/p - ogre
Aim: an ogre, wielding a +0 giant spiked club (lightly wounded, 81% to hit)
You shoot a bolt. The bolt hits the ogre.
The ogre is moderately wounded.
The ogre barely misses you.
Shoot: a) +2 hand crossbow
Press: ? - help, Q - select action, (/) - cycle Shift-Dir - straight line, f/p - ogre
Aim: an ogre, wielding a +0 giant spiked club (moderately wounded, 81% to hit)
You shoot a bolt. The bolt hits the ogre.
The ogre is heavily wounded.
The ogre hits you with a +0 giant spiked club!!
* * * LOW HITPOINT WARNING * * *
Shoot: a) +2 hand crossbow
Press: ? - help, Q - select action, (/) - cycle Shift-Dir - straight line, f/p - ogre
Aim: an ogre, wielding a +0 giant spiked club (heavily wounded, 81% to hit)
You shoot a bolt. The bolt hits the ogre!
The ogre is severely wounded.
The ogre hits you with a +0 giant spiked club!
You die...

.#.# #####..## .#.###### #..#
.#.##...# ####..######
.#.##...# #..........#
.#.##...# ###..........#
.#.##...# #.'....>.....#
.#.##...# #.#..........#
.#.##...# #O#..........#
##.##...########@#..........#
#.#.............#..........#
##.#......####################
...#.#.##....................#
####.#.#########..##########.#
#.#.......(.....#<.#....#.#
#.......#.......#..#.##.#.#
#######.#.##....#.##.##.#.#
#.....#.#.##............#.#


You could see an ogre.

Vanquished Creatures
  Sigmund (D:3)
  An ogre (D:4)
  A scorpion (D:2)
  A hound (D:5)
  A jelly (D:4)
  An orc priest (D:4)
  An iguana (D:4)
  Natasha (twice) (D:4)
  Terence (D:2)
  2 orc wizards (D:4)
  A gnoll (D:4)
  2 adders (D:2)
  An adder skeleton (D:4)
  A worm (D:4)
  A dart slug (D:4)
  2 orcs (D:4)
  5 endoplasms
  A giant cockroach (D:3)
  6 hobgoblins
  4 jackals (D:4)
  3 quokkas (D:4)
  5 ball pythons
  7 bats
  5 frilled lizards
  11 goblins
  8 kobolds
  4 rats
79 creatures vanquished.

Notes
Turn   | Place    | Note
-------+----------+-------------------------------------------
     0 | D:1      | jejorda2 the Kobold Hunter began the quest for the Orb.
     0 | D:1      | Reached XP level 1. HP: 12/12 MP: 1/1
   225 | D:1      | Reached XP level 2. HP: 18/18 MP: 2/2
   947 | D:2      | Noticed Terence
   954 | D:2      | Killed Terence
   955 | D:2      | Reached skill level 6 in Crossbows
   955 | D:2      | Reached XP level 3. HP: 22/22 MP: 3/3
  1112 | D:2      | Found an ancient bone altar of Kikubaaqudgha.
  1119 | D:2      | Reached XP level 4. HP: 27/27 MP: 4/4
  1416 | D:2      | Noticed a scorpion
  1663 | D:2      | You fall into a shaft and drop 1 floor!
  1716 | D:3      | Noticed Sigmund
  1722 | D:3      | Killed Sigmund
  1723 | D:3      | Reached skill level 7 in Crossbows
  1723 | D:3      | Reached XP level 5. HP: 33/33 MP: 5/5
  1723 | D:3      | Reached XP level 6. HP: 38/38 MP: 6/6
  2779 | D:4      | Reached skill level 8 in Crossbows
  3074 | D:4      | Noticed Natasha
  3077 | D:4      | Killed Natasha
  3078 | D:4      | Reached XP level 7. HP: 43/43 MP: 7/7
  3351 | D:4      | Reached skill level 5 in Dodging
  3816 | D:4      | Noticed Natasha
  3820 | D:4      | Killed Natasha
  3831 | D:4      | Reached skill level 9 in Crossbows
  4145 | D:5      | Entered Level 5 of the Dungeon
  4240 | D:4      | Slain by an ogre

Illustrated notes

Levels and vault maps discovered:
D:1:      minmay_arrival_five_plusses, layout_basic
D:2:      layout_basic, basic_altar, roderic_roman_lattice, uniq_terence
D:3:      layout_basic, uniq_sigmund
D:4:      layout_basic, uniq_natasha
D:5:      layout_gridville, lemuel_doored_altar, serial_glass, glass_columns_b,
          glass_columns_a

Skill      XL: |  1  2  3  4  5  6  7 |
---------------+----------------------+-----
Crossbows      | 6 7 8 9 |  9.1
Dodging        | 3 4 5 |  5.2
Fighting       | 3 4 |  4.8
Stealth        | |  1.3

Action                   |  1- 3 |  4- 6 |  7- 9 || total
-------------------------+-------+-------+-------++-------
 Fire: Hand crossbow     |    44 |    83 |    87 ||   214
  Use: Scroll            |       |       |     6 ||     6
Armor: Leather armour    |       |     5 |     2 ||     7
       Ring mail         |       |       |    11 ||    11
Dodge: Dodged            |     7 |    20 |    21 ||    48

Table legend: (Time is in decaauts)
 A = Elapsed time spent in this place.
 B = Non-inter-level travel time spent in this place.
 C = Inter-level travel time spent in this place.
 D = Time resting spent in this place.
 E = Time spent auto-exploring this place.
 F = Levels seen in this place.
 G = Mean time per level.
                   A        B        C        D        E       F      G
               +--------+--------+--------+--------+--------+-----+--------+
         Total |   4287 |   4124 |    163 |      0 |   3626 |   5 |  857.4 |
       Dungeon |   4287 |   4124 |    163 |      0 |   3626 |   5 |  857.4 |
               +--------+--------+--------+--------+--------+-----+--------+

Top non-repeatable levels by time:
     D:4: 1487 daAuts
     D:2: 993 daAuts
     D:1: 954 daAuts
     D:3: 830 daAuts
     D:5: 22 daAuts
